 Dungeon Crawl Stone Soup version 0.15.2 (webtiles) character file.

11604 Lapesh the Unseen (level 11, -9/54 HPs)
             Began as a Spriggan Enchanter on Nov 16, 2018.
             Was an Elder of Dithmenos.
             Killed from afar by an ice statue (16 damage)
             ... with a freezing blast
             ... in an ice cave.
             The game lasted 00:46:32 (12927 turns).

Lapesh the Unseen (Spriggan Enchanter)             Turns: 12927, Time: 00:46:35

HP  -9/54        AC  9     Str  7      XL: 11   Next: 51%
MP  31/31        EV 26     Int 16      God: Dithmenos [****..]
Gold 185         SH  0     Dex 18      Spells:  4 memorised, 17 levels left

rFire  . . .     SeeInvis +     y - +3 dagger (elec)
rCold  . . .     Clarity  .     b - +2 robe
rNeg   + . .     rCorr    .     (shield restricted)
rPois  .         rRot     .     h - +2 hat
rElec  .         Spirit   .     l - +2 cloak (curse)
SustAb .         Warding  +     (gloves unavailable)
rMut   .         Stasis   .     (boots unavailable)
Gourm  .                        A - amulet of warding
MR     +....                    D - +2 ring of evasion
                                C - ring of stealth

@: very slightly contaminated, wreathed by umbra, very quick, somewhat resistant
to hostile enchantments, uncannily stealthy
A: unfitting armour, see invisible, herbivore 3, speed 3, slow metabolism 2
a: Shadow Step, Renounce Religion


You were in an ice cave.
You worshipped Dithmenos.
Dithmenos was greatly pleased with you.
You were not hungry.

You visited 2 branches of the dungeon, and saw 13 of its levels.
You also visited: Ice Cave.

You collected 723 gold pieces.
You spent 538 gold pieces at shops.

Inventory:

Hand weapons
 n - a +2 short sword of speed
 s - a +0 cutlass
 y - a +3 dagger of electrocution (weapon)
 Q - the +6 cutlass of the Coward {pain, -Tele rC+ SInv}
   (You bought it in a shop on level 11 of the Dungeon)

   In the hands of one skilled in necromantic magic, it inflicts extra damage on
   living creatures.
   It protects you from cold.
   It enhances your eyesight.
   It prevents most forms of teleportation.
Missiles
 E - 3 tomahawks
 F - 2 throwing nets (quivered)
Armour
 b - a +2 robe (worn)
 h - a +2 hat (worn)
 l - a cursed +2 cloak (worn)
Magical devices
 j - a wand of draining (0)
 p - a wand of digging (16)
 z - a wand of frost (3)
 H - a wand of hasting (0)
 I - a wand of paralysis (8)
 N - a wand of polymorph (12)
Comestibles
 d - 11 royal jellies
 q - 5 bread rations
 T - a slice of pizza
Scrolls
 g - 5 scrolls of teleportation
 t - a scroll of magic mapping
 x - 4 scrolls of blinking
 G - a scroll of remove curse
 K - a scroll of silence
 L - 2 scrolls of amnesia
 P - 5 scrolls of recharging
Jewellery
 e - an uncursed ring of positive energy
 r - an uncursed ring of protection from fire
 u - an uncursed ring of ice
 A - an amulet of warding (around neck)
 C - a ring of stealth (left hand)
 D - a +2 ring of evasion (right hand)
 S - an uncursed ring of protection from fire
Potions
 a - a potion of brilliance
 i - 3 potions of mutation
 k - a potion of agility
 m - a potion of flight
 o - 5 potions of might
 v - 2 potions of curing
 w - 2 potions of restore abilities
 B - 2 potions of magic
 M - a potion of haste
 O - a potion of heal wounds {unknown}
Books
 c - a book of Maledictions

   Spells                             Type                      Level
   Corona                             Hexes                        1
   *Sure Blade                        Hexes/Charms                 2
   *Ensorcelled Hibernation           Hexes/Ice                    2
   *Confuse                           Hexes                        3
   *Dazzling Spray                    Conjuration/Hexes            3
   Enslavement                        Hexes                        4
 f - a book of Dreams

   Spells                             Type                      Level
   *Ensorcelled Hibernation           Hexes/Ice                    2
   Flight                             Charms/Air                   3
   Phase Shift                        Translocation                5
   Shadow Creatures                   Summoning                    5
   Mass Confusion                     Hexes                        6
   Darkness                           Hexes                        7
 J - a book of Necromancy

   Spells                             Type                      Level
   Pain                               Necromancy                   1
   Animate Skeleton                   Necromancy                   1
   Vampiric Draining                  Necromancy                   3
   Regeneration                       Charms/Necromancy            3
   Animate Dead                       Necromancy                   4
   Control Undead                     Necromancy                   4
Miscellaneous
 U - a plain deck of changes


   Skills:
 + Level 4.5 Fighting
 + Level 6.5 Short Blades
 + Level 8.5 Dodging
 + Level 18.2 Stealth
 + Level 8.5 Spellcasting
 + Level 8.5 Hexes


You had 17 spell levels left.
You knew the following spells:

 Your Spells              Type           Power        Failure   Level  Hunger
a - Ensorcelled Hibernat  Hex/Ice        ###...       3%          2    None
c - Confuse               Hex            ####....     1%          3    ##.....
d - Sure Blade            Hex/Chrm       ###.......   3%          2    None
e - Dazzling Spray        Conj/Hex       ###.....     8%          3    ##.....


Dungeon Overview and Level Annotations

Branches:
Dungeon (12/15)            Temple (1/1) D:6             Orc (0/4) D:11
   Lair (0/8) D:10

Altars:
Ashenzari
Cheibriados
Dithmenos
Elyvilon
Fedhas
Kikubaaqudgha
Makhleb
Nemelex Xobeh
Okawaru
Qazlal
Sif Muna
Trog
Vehumet
Xom
Yredelemnul
Zin
The Shining One
Beogh

Shops:
D:8 *   D:10 *   D:11 !(}%*

Annotations:
IceCv exclusion: ice statue


Innate Abilities, Weirdness & Mutations

You are tiny and cannot use many weapons and most armour.
You have supernaturally acute eyesight.
You are a herbivore.
You cover ground extremely quickly.
You need consume almost no food.


Message History

You hit the ice statue but do no damage.
The ice statue is lightly damaged.
The ice statue throws cold at you. The freezing blast misses you.
You hit the ice statue but do no damage.
The ice statue is lightly damaged.
You are engulfed in freezing vapours.
You hit the ice statue.
The ice statue is lightly damaged.
You are engulfed in freezing vapours.
You hit the ice statue but do no damage.
The ice statue is lightly damaged.
You are engulfed in freezing vapours.
You hit the ice statue but do no damage.
The ice statue is lightly damaged.
You are engulfed in freezing vapours.
* * * LOW HITPOINT WARNING * * *
The ice statue throws cold at you. The freezing blast hits you!
You die...

#######.%.#
##.##
##..##
#.(.###..##
##......##
#..#....#
#..###.##
#.######
##.##§##
#.§§@§#
##.§§8§.#
####§.#..#
#.# .# ##


You could see an ice statue.

Vanquished Creatures
  A hydra (D:11)
  Nergalle (D:11)
  Erolcha (D:9)
  The ghost of Huymann the Thaumaturge, an experienced DEWz of Sif Muna (D:7)
  2 manticores
  An ugly thing (D:12)
  Psyche (D:12)
  A polar bear (IceCv)
  A two-headed ogre (D:8)
  2 yaks (D:12)
  A shadow (D:10)
  The ghost of Huymann the Magician, an average DEWz of Sif Muna (D:5)
  A wraith (D:11)
  A deep elf mage (D:9)
  A hippogriff (D:10)
  2 hungry ghosts
  Menkaure (D:5)
  5 wolves
  4 ogres
  A black bear (D:9)
  4 orc warriors
  7 ice beasts
  5 sky beasts
  A necrophage (D:10)
  4 centaurs
  A manticore skeleton (D:11)
  3 boring beetles (D:10)
  6 giant frogs
  3 big kobolds
  A cyclops zombie (D:12)
  A wyvern zombie (D:9)
  An ogre simulacrum (D:12)
  A troll skeleton (D:8)
  4 scorpions
  7 wights
  3 killer bees (D:7)
  5 crimson imps
  A quasit (D:7)
  2 goliath beetles (D:6)
  A centaur zombie (D:8)
  5 jellies
  3 orc priests
  A black bear zombie (D:9)
  Crazy Yiuf (D:5)
  6 hounds
  A cyclops simulacrum (D:12)
  7 orc wizards
  4 iguanas
  A two-headed ogre skeleton (D:7)
  4 worker ants
  Ijyb (D:6)
  An elf simulacrum (D:12)
  2 human simulacra (D:9)
  2 mummies
  A hound skeleton (D:4)
  3 shadow imps
  An inept item mimic (D:2)
  A steam dragon zombie (D:7)
  6 adders
  2 white imps (D:12)
  3 worms (D:2)
  An ufetubus (D:12)
  2 adder skeletons (D:6)
  2 orc skeletons
  4 giant geckos
  6 oozes
  30 orcs
  A bat skeleton (D:4)
  3 giant cockroaches
  10 goblins
  16 hobgoblins
  9 jackals
  26 kobolds
  A quokka (D:2)
  2 ball pythons (D:1)
  19 bats
  6 giant newts
  6 giant spores
  A kobold skeleton (D:5)
  A quokka skeleton (D:6)
  21 rats
  A rat skeleton (D:4)
  8 ballistomycetes
323 creatures vanquished.

Vanquished Creatures (others)
  A giant spore (D:8)
1 creature vanquished.

Grand Total: 324 creatures vanquished

Notes
Turn   | Place    | Note
--------------------------------------------------------------
     0 | D:1      | Lapesh, the Spriggan Enchanter, began the quest for the Orb.
     0 | D:1      | Reached XP level 1. HP: 9/9 MP: 4/4
   284 | D:1      | Reached XP level 2. HP: 8/13 MP: 8/8
   288 | D:1      | Learned a level 2 spell: Ensorcelled Hibernation
  1100 | D:1      | Reached XP level 3. HP: 16/16 MP: 11/11
  1586 | D:2      | Reached XP level 4. HP: 21/21 MP: 15/15
  1591 | D:2      | Learned a level 3 spell: Dazzling Spray
  1595 | D:2      | Learned a level 3 spell: Confuse
  1598 | D:2      | Learned a level 2 spell: Sure Blade
  1871 | D:2      | Reached skill level 5 in Hexes
  2641 | D:4      | Reached skill level 5 in Stealth
  2641 | D:4      | Reached XP level 5. HP: 24/24 MP: 18/18
  2972 | D:4      | Reached skill level 6 in Stealth
  2989 | D:4      | Reached skill level 7 in Stealth
  2989 | D:4      | Reached XP level 6. HP: 15/28 MP: 12/20
  3742 | D:5      | Entered Level 5 of the Dungeon
  3743 | D:5      | Noticed Menkaure
  3784 | D:5      | Killed Menkaure
  3784 | D:5      | Reached skill level 9 in Stealth
  3862 | D:5      | Noticed Huymann's ghost (average DEWz)
  3879 | D:5      | Killed Huymann's ghost
  3879 | D:5      | Reached skill level 10 in Stealth
  3879 | D:5      | Reached XP level 7. HP: 28/32 MP: 13/22
  4049 | D:5      | Reached skill level 11 in Stealth
  4166 | D:5      | Noticed Crazy Yiuf
  4170 | D:5      | Killed Crazy Yiuf
  4521 | D:6      | Found a snail-covered altar of Cheibriados.
  4524 | D:6      | Found a shattered altar of Ashenzari.
  4525 | D:6      | Found an iron altar of Okawaru.
  4526 | D:6      | Found a glowing silver altar of Zin.
  4529 | D:6      | Found a shadowy altar of Dithmenos.
  4537 | D:6      | Became a worshipper of Dithmenos the Shadowed
  4605 | D:6      | Reached skill level 12 in Stealth
  4753 | D:6      | Reached XP level 8. HP: 36/36 MP: 20/23
  4833 | D:6      | Reached skill level 13 in Stealth
  5043 | D:6      | Noticed Ijyb
  5045 | D:6      | Found a staircase to the Ecumenical Temple.
  5049 | D:6      | Killed Ijyb
  5054 | D:6      | Reached skill level 14 in Stealth
  5059 | Temple   | Entered the Ecumenical Temple
  6064 | D:7      | Reached skill level 15 in Stealth
  6270 | D:7      | Noticed Huymann's ghost (experienced DEWz)
  6280 | D:7      | Killed Huymann's ghost
  6280 | D:7      | Reached skill level 16 in Stealth
  6280 | D:7      | Reached XP level 9. HP: 30/39 MP: 13/25
  6934 | D:7      | Reached skill level 5 in Spellcasting
  7798 | D:8      | Reached skill level 1 in Fighting
  8034 | D:8      | Acquired Dithmenos' first power
  8253 | D:8      | Reached skill level 17 in Stealth
  8454 | D:8      | Found Jocsotae's Assorted Antiques.
  8471 | D:8      | Bought a fizzy green potion for 20 gold pieces
  9004 | D:9      | Reached skill level 5 in Dodging
  9486 | D:9      | Reached XP level 10. HP: 46/46 MP: 26/28
  9539 | D:9      | Acquired Dithmenos' second power
  9894 | D:9      | Noticed Erolcha
  9897 | D:9      | Killed Erolcha
 10120 | D:10     | Entered Level 10 of the Dungeon
 10136 | D:10     | Noticed a manticore
 10144 | D:10     | Killed a manticore
 10295 | D:10     | Found a staircase to the Lair.
 10350 | D:10     | Found Huazudghu's General Store.
 10380 | D:10     | Bought a scroll of blinking for 75 gold pieces
 10601 | D:10     | Reached skill level 5 in Short Blades
 10926 | D:10     | Acquired Dithmenos' third power
 11218 | D:11     | Found a shadowy altar of Dithmenos.
 11226 | D:11     | Found Bruhecs' Food Emporium.
 11235 | D:11     | Found Amubasemm's Assorted Antiques.
 11247 | D:11     | Bought a scroll of identify for 50 gold pieces
 11268 | D:11     | Found a staircase to the Orcish Mines.
 11279 | D:11     | Found a roughly hewn altar of Beogh.
 11348 | D:11     | Found a sparkling altar of Nemelex Xobeh.
 11350 | D:11     | Bought a bread ration for 50 gold pieces
 11350 | D:11     | Bought a bread ration for 50 gold pieces
 11362 | D:11     | Noticed Nergalle
 11364 | D:11     | Killed Nergalle
 11402 | D:11     | Found Cliefusa's Gadget Shop.
 11439 | D:11     | Reached XP level 11. HP: 52/52 MP: 30/30
 11443 | D:11     | Found Gutu's Antique Weapon Shoppe.
 11451 | D:11     | Bought a bloodstained cutlass for 216 gold pieces
 11452 | D:11     | Identified the +6 cutlass of the Coward {pain, -Tele rC+ SInv} (You bought it in a shop on level 11 of the Dungeon)
 11457 | D:11     | Found Zuhopou's Distillery.
 11467 | D:11     | Bought a potion of invisibility for 77 gold pieces
 11535 | D:11     | Noticed a manticore
 11555 | D:11     | Killed a manticore
 11892 | D:11     | Noticed a four-headed hydra
 11897 | D:11     | Killed a four-headed hydra
 12323 | D:12     | Reached skill level 18 in Stealth
 12387 | D:12     | Noticed Psyche
 12391 | D:12     | Killed Psyche
 12579 | D:12     | Found a frozen archway.
 12589 | IceCv    | Entered an ice cave
 12880 | IceCv    | Noticed an ice statue
 12927 | IceCv    | Killed from afar by an ice statue

Action                   |  1- 3 |  4- 6 |  7- 9 | 10-12 || total
-------------------------+-------+-------+-------+-------++-------
Melee: Dagger            |   129 |   110 |   265 |   321 ||   825
Throw: Throwing net      |       |       |     1 |       ||     1
       Tomahawk          |       |       |     1 |       ||     1
 Cast: Corona            |     1 |       |       |       ||     1
       Ensorcelled Hiber |       |     3 |    36 |    11 ||    50
       Dazzling Spray    |       |     3 |     9 |     8 ||    20
       Confuse           |       |     5 |    17 |    23 ||    45
       Sure Blade        |       |     1 |     1 |       ||     2
Invok: Shadow Step       |       |       |       |     2 ||     2
Evoke: Wand              |       |     1 |     4 |     8 ||    13
  Use: Scroll            |     5 |     7 |    13 |     8 ||    33
       Potion            |       |       |     2 |     3 ||     5
 Stab: Sleeping          |    12 |    12 |    60 |    50 ||   134
       Distracted        |     1 |       |     2 |     3 ||     6
       Invisible         |       |     2 |     4 |       ||     6
       Confused          |       |     2 |     9 |     9 ||    20
  Eat: Bread ration      |       |     1 |       |     1 ||     2
